Workbook

Sheet INGRESOS 2016
B1: GOBIERNO AUTONOMO DESCENTRALIZADO PARROQUIAL DELEGSOL
B2: PROFORMA PRESUPUESTARIA AÑO 2017
B3: INGRESOS
B5: C O N C E P T O | C5: ESTIMACION PROVISIONAL INGRESOS AÑO 2015
A6: 1 | B6: INGRESOS CORRIENTES | C6: =C9+C13 -> 74771.8
B7: TITULO I - INGRESOS TRIBUTARIOS
B8: TITULO II - INGRESOS NO TRIBUTARIOS
A9: 1.7 | B9: CAPITULO I - RENTA DE INVERSIONES Y MULTAS | C9: =C11 -> 0
A10: 1.7.01 | B10: RENTAS DE INVERSIONES | C10: 0
A11: 1.7.02 | B11: RENTA POR ARRENDAMIENTO DE BIENES | C11: 0
A12: 1.7.02.99 | B12: Otros Arrendamientos | H12: x
A13: 1.8 | B13: CAPITULO II - TRANSFERENCIAS Y DONACIONES CORRIENTES | C13: =C14 -> 74771.8
A14: 1.8.06 | B14: APORTES Y PARTICIPACIONES CORRIENTES DEL REGIMEN SECCIONAL AUTONOMO | C14: =C16+C15 -> 74771.8
A15: 180104 | B15: De entidades del gobierno seccional
A16: 1.8.06.08 | B16: Aporte a Juntas Parroquiales Rurales | C16: ='GASTOS 2016'!D53 -> 74771.8
A17: 2 | B17: INGRESOS DE CAPITAL | C17: =C18 -> 124467.27
A18: 2.8 | B18: CAPITULO II - TRANSFERENCIAS Y DONACIONES DE CAPITAL E INVERSION | C18: =C19+C22 -> 124467.27
A19: 2.8.01 | B19: TRANSFERENCIAS DE CAPITAL E INVERSION DEL SECTOR PUBLICO | C19: =C20+C21 -> 42386.96 | E19: =75774.61-71550.32 -> 4224.29 | F19: =E19+C23 -> 86304.6
A20: 280101 | B20: Del gobierno Central
A21: 2.8.01.04 | B21: De Entidades del Gobierno Autónomo Descentralizado (GPA) Tasa Solidaria | C21: 42386.96
A22: 2.8.06 | B22: APORTES Y PARTICIPACIONES DE CAPITAL E INVERSION DEL REGIMEN SECCIONAL AUTONOMO | C22: =C23 -> 82080.31
A23: 2.8.06.08 | B23: Aporte a Juntas Parroquiales Rurales | C23: 82080.31
A24: 3 | B24: INGRESO DE FINANCIAMIENTO | C24: =C25 -> 0
A25: 3.6 | B25: FINANCIAMIENTO PUBLICO
A26: 360201 | B26: Del sector publico financiero
A27: 3.7 | B27: SALDOS DISPONIBLES | C27: =C28 -> 24119.28 | F27: =C14-156852.11 -> -82080.31
A28: 3.7.01 | B28: SALDO EN CAJA Y BANCOS | C28: 24119.28
A29: 3.7.01.01 | B29: De Fondos del Gobierno Central
A30: 3.8 | B30: CUENTAS PENDIENTES POR COBRAR | C30: =C31 -> 33846.9
A31: 3.8.01 | B31: CUENTAS PENDIENTES POR COBRAR | C31: =C32 -> 33846.9
A32: 3.8.01.01 | B32: De cuentas por cobrar | C32: 33846.9
B33: T O T A L: | C33: =C30+C27+C24+C17+C6 -> 257205.25
B45: Secretario Tesorero
B46: ING. EDISON SIGUENZA

Sheet DISTRIBUTIVO 2016
B1: DISTRIBUTIVO DE SUELDOS AÑO 2015
D4: SUELDO UNIFICADO | E4: SUELDO UNIFICADO ANUAL | F4: DECIMO TERCERO | G4: DECIMO CUARTO | H4: FONDO DE RESERVA | I4: APORTE PATRONAL | J4: REMUNERACION ANUAL PROPUESTO | K4: IECE
B5: FUNCION I SERVICIOS GENERALES | D5: 0.34 | I5: 0.1145 | K5: 0.005 | L5: COBRADO DECIMO CUARTO SUELDO
B6: PROGRAMAI | C6: ADMINISTRACION GENERAL
B7: NOMBRES | C7: CARGO | E7: 12 | G7: 200 | I7: 0.1165 | L7: COBRADO | M7: DEBIAMOS COBRAR | N7: POR DESCONTAR PARA PROXIMO MES
C8: Rene Castro | D8: 1250 | E8: =D8*12 -> 15000 | F8: =D8 -> 1250 | G8: 375 | H8: =(D8*8.333/100)*5 -> 520.8125 | I8: =(D8*$I$5)*12 -> 1717.5 | J8: =SUM(E8:I8) -> 18863.312 | K8: =E8*$K$5 -> 75 | L8: 161.91 | M8: 56.67 | N8: =L8-M8 -> 105.24
C9: Segundo Castro | D9: 500 | E9: =D9*12 -> 6000 | F9: =D9 -> 500 | G9: 375 | H9: =(D9*8.333/100)*5 -> 208.325 | I9: =(D9*$I$5)*12 -> 687 | J9: =SUM(E9:I9) -> 7770.325 | K9: =E9*$K$5 -> 30 | L9: 56.67 | M9: 56.67 | N9: =L9-M9 -> 0
C10: Leodan Castro | D10: 500 | E10: =D10*12 -> 6000 | F10: =D10 -> 500 | G10: 375 | H10: =(D10*8.333/100)*5 -> 208.325 | I10: =(D10*$I$5)*12 -> 687 | J10: =SUM(E10:I10) -> 7770.325 | K10: =E10*$K$5 -> 30 | L10: 56.67 | M10: 56.67 | N10: =L10-M10 -> 0
C11: Isabel Sarmiento | D11: 500 | E11: =D11*12 -> 6000 | F11: =D11 -> 500 | G11: 375 | H11: =(D11*8.333/100)*5 -> 208.325 | I11: =(D11*$I$5)*12 -> 687 | J11: =SUM(E11:I11) -> 7770.325 | K11: =E11*$K$5 -> 30 | L11: 56.67 | M11: 56.67 | N11: =L11-M11 -> 0
C12: Leonardo Lopez | D12: 500 | E12: =D12*12 -> 6000 | F12: =D12 -> 500 | G12: 375 | H12: =(D12*8.333/100)*5 -> 208.325 | I12: =(D12*$I$5)*12 -> 687 | J12: =SUM(E12:I12) -> 7770.325 | K12: =E12*$K$5 -> 30 | L12: 56.67 | M12: 56.67 | N12: =L12-M12 -> 0
C13: Edison Siguenza | D13: 700 | E13: =D13*12 -> 8400 | F13: =D13 -> 700 | G13: 375 | H13: =(D13*8.3333/100)*12 -> 699.9972 | I13: =(D13*$I$5)*12 -> 961.8 | J13: =SUM(E13:I13) -> 11136.797 | K13: =E13*$K$5 -> 42 | L13: 92.5 | M13: 56.67 | N13: =L13-M13 -> 35.83
C16: SUBTOTAL | D16: =SUM(D8:D15) -> 3950 | E16: =SUM(E8:E15) -> 47400 | F16: =SUM(F8:F15) -> 3950 | G16: =SUM(G8:G15) -> 2250 | H16: =SUM(H8:H15) -> 2054.1097 | I16: =SUM(I8:I15) -> 5427.3 | J16: =SUM(J8:J15) -> 61081.41 | K16: =E16*$K$5 -> 237
B17: PROGRAMA II
B18: NOMBRES | C18: CARGO | I18: 0.0935
C19: Gonsalo Cabrera | D19: 375 | E19: =D19*12 -> 4500 | F19: 375 | G19: 375 | H19: 375 | I19: =(D19*I18)*12 -> 420.75 | J19: =SUM(E19:I19) -> 6045.75
C20: Gistavo Cabrera | D20: 375 | E20: =D20*12 -> 4500 | F20: 375 | G20: 375 | H20: 375 | I20: =(D20*I18)*12 -> 420.75 | J20: =SUM(E20:I20) -> 6045.75
C21: SUBTOTAL | D21: =SUM(D19:D20) -> 750 | E21: =SUM(E19:E20) -> 9000 | F21: =SUM(F19:F20) -> 750 | G21: =SUM(G19:G20) -> 750 | H21: =SUM(H19:H20) -> 750 | I21: =SUM(I19:I20) -> 841.5 | J21: =SUM(E21:I21) -> 12091.5 | M21: =K16+K24 -> 237
B22: PROGRAMA III
B23: NOMBRES | C23: CARGO
C24: Ing. Wilson Once | D24: 0 | E24: =D24*3 -> 0 | F24: 0 | G24: 0 | H24: =(D24*8.3333/100)*3 -> 0 | I24: =E24*I5 -> 0 | J24: =SUM(E24:I24) -> 0 | K24: =E24*$K$5 -> 0 | M24: =K24+K16 -> 237
C25: SUBTOTAL
C26: TOTAL | E26: =E24 -> 0 | F26: =F24 -> 0 | G26: =G24 -> 0 | H26: =H24 -> 0 | I26: =I24 -> 0 | J26: =J24 -> 0 | K26: =E26*$K$5 -> 0

Sheet GASTOS 2016
A1: PRESUPUESTO GAD PARROQUIAL DELEGSOL 2015
A2: FUNCION I | B2: SERVICIOS GENERALES
A3: PROGRAMA I | B3: ADMINISTRACION GENERAL
A4: PARTIDA | B4: DENOMINACION | D4: PROFORMA
B5: SUBPROGRAMA V
A6: 5.1 | B6: GRUPO I GASTOS EN EL PERSONAL | D6: =C7+C10+C14 -> 61371.8
A7: 5.1.01 | B7: Remuneraciones Básicas | C7: =C8 -> 47400
A8: 5.1.01.05 | B8: Remuneraciones Unificadas | C8: ='DISTRIBUTIVO 2016'!E16 -> 47400
A10: 5.1.02 | B10: Remuneraciones Complementarias | C10: =C11+C12 -> 6200
A11: 5.1.02.03 | B11: Décimo tercer sueldo | C11: ='DISTRIBUTIVO 2016'!F16 -> 3950
A12: 5.1.02.04 | B12: Décimo cuarto sueldo | C12: ='DISTRIBUTIVO 2016'!G16 -> 2250
A14: 5.1.06 | B14: Aporte Patronal a la Seguridad Social | C14: =C15+C16 -> 7771.8
A15: 5.1.06.01 | B15: Aporte Patronal | C15: ='DISTRIBUTIVO 2016'!I16 -> 5427.3
A16: 5.1.06.02 | B16: Fondos de Reserva | C16: 2344.5
A18: 5.3 | B18: GRUPO III - BIENES Y SERVICIOS DE CONSUMO | D18: =C23+C27+C30+C34+C19 -> 3380
A19: 5301 | B19: Servicios Basicos | C19: =C20+C21 -> 950
A20: 530104 | B20: Energia Electrica | C20: 350
A21: 530105 | B21: Telecomunicaciones | C21: 600
A23: 5.3.02 | B23: Servicios Generales | C23: =C24+C25 -> 730
A24: 5.3.02.04 | B24: Edición impresión reproduccion y publicaciones | C24: 500
A25: 530219 | B25: Publicidad Usando otros medios | C25: 230
A27: 5.3.03 | B27: Traslados, Instalaciones, Viáticos y Subsistencias | C27: =C28 -> 500
A28: 5.3.03.01 | B28: Pasajes al Interior | C28: 500
A30: 5.3.07 | B30: Gastos en Informática | C30: =C31+C32 -> 650
A31: 5.3.07.02 | B31: Arrendamiento y Licencias de Uso de Paq. Inf | C31: 400
A32: 5.3.07.04 | B32: Manten y Reparacion de Equipos y sist inform. | C32: 250
A34: 5.3.08 | B34: Bienes de Uso y Consumo Corriente | C34: =C35+C36+C37 -> 550
A35: 53.08.04 | B35: materiales de oficina | C35: 250
A36: 530805 | B36: materiales de aseo | C36: 150
A37: 530813 | B37: Repuestos y accero}}sorios | C37: 150
A38: 56 | B38: gastos financieros | D38: =C39 -> 4000
A39: 56.02.01 | B39: sector publico finciero | C39: 4000
A41: 5.7 | B41: GRUPO VII - OTROS GASTOS | D41: =C42 -> 800
A42: 5.7.02 | B42: Seguros, Costos Financieros y otros Gastos | C42: =C43+C44 -> 800
A43: 5.7.02.01 | B43: Seguros | C43: 550
A44: 5.7.02.03 | B44: Comisiones Bancarias | C44: 250
A46: 5.8 | B46: GRUPO VIII - TRANSFERENCIAS Y DONACIONES CORRIENTES | D46: =C47 -> 5220
A47: 5.8.01 | B47: Transferencias Corrientes al Sector Público | C47: =C48+C49+C51 -> 5220
A48: 5.8.01.02 | B48: A Entidades Descentralizadas y Autónomas | C48: 100
A49: 58.01.04 | B49: A entidades del gobierno seccional (agopa- conagopare) | C49: 4800
A50: 5.8.04 | B50: Aportes y Participaciones al Sector Público | C50: =C51 -> 320
A51: 5.8.04.06 | B51: Para el IECE por el 0.5% las aportaciones al IESS | C51: 320
B53: TOTAL GASTO CORRIENTE | D53: =D46+D41+D38+D18+D6 -> 74771.8
A57: PRESUPUESTO 2014
A58: FUNCION I | B58: SERVICIOS GENERALES
A59: PROGRAMA 2 | B59: AUXILIARES DE LIMPIEZA
A60: PARTIDA | B60: DENOMINACION | D60: PROFORMA
B61: SUBPROGRAMA V
A62: 71 | B62: GRUPO I GASTOS EN EL PERSONAL | D62: =C63+C65+C68 -> 12091.5
A63: 71001 | B63: Remuneraciones Básicas | C63: =C64 -> 9000
A64: 710106 | B64: Remuneraciones Unificadas | C64: ='DISTRIBUTIVO 2016'!E21 -> 9000
A65: 7102 | B65: Remuneraciones Complementarias | C65: =C66+C67 -> 1500
A66: 710203 | B66: Décimo tercer sueldo | C66: ='DISTRIBUTIVO 2016'!F21 -> 750
A67: 710203 | B67: Décimo cuarto sueldo | C67: ='DISTRIBUTIVO 2016'!G21 -> 750
A68: 7106 | B68: Aporte Patronal a la Seguridad Social | C68: =C69+C70 -> 1591.5
A69: 710602 | B69: Fondo de Reserva | C69: ='DISTRIBUTIVO 2016'!H21 -> 750
A70: 710601 | B70: Aporte Patronal | C70: ='DISTRIBUTIVO 2016'!I21 -> 841.5
A73: PROGRAMA 3 | B73: GASTOS DE INVERSION
A74: 73 | B74: Bienes de Uso y consumo de Inversion | D74: =SUM(C75:C84) -> 94225.21
A75: 73.01.05 | B75: telecomunicaciones | C75: 650
A76: 730405 | B76: Vahiculos | C76: 5000
A77: 730811 | B77: Materiales de Construccion Elect. Plom y carpin. | C77: 15000
A78: 730811 | B78: Materiales tasa solidaria 2016 | C78: 2600
A79: 730803 | B79: Combustibles y lubricanters | C79: 2000
A80: 730899 | B80: Otros de Uso y Consumo De inversion (Cuidado medio ambiente | C80: 5000
A81: 730504 | B81: Maquinas y Equipos (alquiler de volquetes) | C81: 48575.21
A82: 730504 | B82: Mauinarias y equipos ( retroexcavadora, para alcantarillado) | C82: 10400
A83: 750107 | B83: Construcciones y Edificaciones | C83: 0
A84: 730814 | B84: Suministros para actividades agropecuarias Pezca y casa, Apoyo a la produccion | C84: 5000
A85: 96 | B85: Amortizacion de la deuda Publica | D85: =C86 -> 21000
A86: 96.02.01 | B86: Al sector publico Financiero | C86: 21000
A88: 9.7 | B88: PASIVO CIRCULANTE | D88: =C89 -> 0
A89: 9.7.01.01 | B89: De Cuentas por Pagar | C89: 0
A92: TOTAL PROGRAMA | D92: =SUM(D88+D85+D74) -> 115225.21
A94: FUNCION II | B94: EVENTOS CULTURALES FESTIVIDADES DE PARROQUIALIZACION
A95: PROGRAMA 4 | B95: FESTIVIDADES DE PARROQUIALIZACION
D96: PROFORMA
A97: PARTIDA | B97: DENOMINACION
D98: =C101 -> 5000
A99: 7.3 | B99: GRUPO III - BIENES Y SERVICIOS DE CONSUMO
A100: 7.3.02 | B100: Servicios Generales
A101: 7.3.02.05 | B101: Espectaculos culturales y sociales | C101: 5000
D102: =D101+D98 -> 5000
A103: TOTAL PROGRAMA
A105: FUNCION II | B105: EVENTOS CULTURALES FESTIVIDADES DE CARNAVAL
A106: PROGRAMA 5 | B106: FESTIVIDADES DE CARNAVAL
D107: PROFORMA
A108: PARTIDA | B108: DENOMINACION
D109: =C112 -> 4000
A110: 7.3 | B110: GRUPO III - BIENES Y SERVICIOS DE CONSUMO
A111: 7.3.02 | B111: Servicios Generales
A112: 7.3.02.05 | B112: Espectaculos culturales y sociales | C112: 4000
D113: =D112+D109 -> 4000
A114: TOTAL PROGRAMA
A117: FUNCION II | B117: EVENTOS CULTURALES FESTIVIDADES DE CARNAVAL
A118: PROGRAMA 6 | B118: ATENCION AL SECTOR VULNERABLE TERCERA EDAD ADULTOS MAYORES
A119: 7.3.02 | B119: Servicios Generales | D119: =C120 -> 280
A120: 7.3.02.02 | B120: Fletes y Maniobras | C120: 280
D121: =C123 -> 6400
A122: 7.3.08 | B122: Bienes de Uso y Consumo Corriente
...

Sheet Hoja1
E2: Patronal | F2: personal
D3: 1250 | E3: =D3*11.45/100 -> 143.125 | F3: =D3*11.15/100 -> 139.375 | G3: =D3*0.005 -> 6.25
D4: 500 | E4: =D4*11.45/100 -> 57.25 | F4: =D4*11.15/100 -> 55.75 | G4: =D4*0.005 -> 2.5
D5: 500 | E5: =D5*11.45/100 -> 57.25 | F5: =D5*11.15/100 -> 55.75 | G5: =D5*0.005 -> 2.5
D6: 500 | E6: =D6*11.45/100 -> 57.25 | F6: =D6*11.15/100 -> 55.75 | G6: =D6*0.005 -> 2.5
D7: 700 | E7: =D7*11.45/100 -> 80.15 | F7: =D7*11.15/100 -> 78.05 | G7: =D7*0.005 -> 3.5
E8: =D8*11.45/100 -> 0 | F8: =D8*11.15/100 -> 0 | G8: =D8*0.005 -> 0
E9: =SUM(E3:E8) -> 395.025 | F9: =SUM(F3:F8) -> 384.675
D10: 375 | E10: =D10*11.15/100 -> 41.8125 | F10: =D10*9.45/100 -> 35.4375 | G10: =D10*0.005 -> 1.875
D11: 375 | E11: =D11*11.15/100 -> 41.8125 | F11: =D11*9.45/100 -> 35.4375 | G11: =D11*0.005 -> 1.875
E12: =SUM(E10:E11) -> 83.625 | F12: =SUM(F10:F11) -> 70.875

Sheet gasto en tecnico
B1: PROYECTO:
B2: FORESTACION Y REFORESTACION CON FINES DE CONSERVACION AMBIENTAL Y PROTECCION DE CUENCAS HIDRICAS
A4: 5.8 | B4: GRUPO VIII - TRANSFERENCIAS Y DONACIONES CORRIENTES
A5: 5.8.04 | B5: Aportes y Participaciones al Sector Público | C5: =+C6 -> 24.978
A6: 5.8.04.06 | B6: Para el IECE por el 0.5% las aportaciones al IESS | C6: =+[1]Distributivo!K8 -> 24.978
A8: 7 | B8: GASTOS DE INVERSION
A9: 7.1 | B9: GRUPO I - GASTOS EN EL PERSONAL
A10: 7.1.01 | B10: Remuneraciones basicas | C10: =SUM(C11) -> 4995.6
A11: 7.1.01.05 | B11: Remuneraciones unificadas | C11: =+[1]Distributivo!E8 -> 4995.6
A13: 7.1.02 | B13: Remuneraciones Complementarias | C13: =SUM(C14:C15) -> 546.63333
A14: 7.1.02.03 | B14: Décimo tercer sueldo | C14: =+[1]Distributivo!F8 -> 416.3
A15: 7.1.02.04 | B15: Décimo cuarto sueldo | C15: =+[1]Distributivo!G6 -> 130.33333
A17: 7.1.06 | B17: Aporte Patronal a la Seguridad Social | C17: =SUM(C18:C19) -> 973.3094
A18: 7.1.06.01 | B18: Aporte Patronal | C18: =+[1]Distributivo!I8 -> 557.0094
A19: 7.1.06.02 | B19: Fondos de Reserva | C19: =+[1]Distributivo!H6 -> 416.3
A21: 7.3 | B21: GRUPO III - BIENES Y SERVICIOS DE CONSUMO
A22: 7.3.15 | B22: Bienes Biológicos no Depreciables | C22: =+C23 -> 25348.74
A23: 7.3.15.15 | B23: Plantas | C23: =+C24 -> 25348.74
A24: 7.3.15.15.001 | B24: Plantas nativas para la siembra | C24: 25348.74
A26: 8 | B26: GASTOS DE CAPITAL
A27: 8.4 | B27: GRUPO IV - ACTIVOS DE LARGA DURACION | C27: =+C28 -> 756.06
A28: 8.4.01 | B28: Bienes Muebles | C28: 756.06
A29: 8.4.01.04 | B29: Maquinarias y Equipos | C29: 756.06
B31: TOTAL | C31: =SUM(E29) -> 0
